 Dungeon Crawl Stone Soup version 0.19.0-18-g426998a (webtiles) character file.

4961 lorenzova the Covert (level 10, -4/47 HPs)
             Began as a Spriggan Monk on Nov 11, 2016.
             Was an Elder of Dithmenos.
             Slain by an ice beast (18 damage)
             ... on level 8 of the Dungeon.
             The game lasted 00:35:24 (8939 turns).

lorenzova the Covert (Spriggan Monk)                Turns: 8939, Time: 00:35:25

Health: -4/47      AC:  4    Str: 12    XL:     10   Next: 28%
Magic:  23/25      EV: 27    Int: 13    God:    Dithmenos [****..]
Gold:   502        SH:  0    Dex: 21    Spells: 3 memorised, 23 levels left

rFire  + . .     SeeInvis +     a - +0 short sword
rCold  x . .     Gourm    .     j - +0 troll leather armour
rNeg   . . .     Faith    .     (shield restricted)
rPois  +         Spirit   .     (helmet restricted)
rElec  .         Reflect  .     (no cloak)
rCorr  .         Harm     .     (gloves unavailable)
MR     +....                    (boots unavailable)
Stlth  ++++++++..               C - amulet of magic regeneration
                                o - ring of fire
                                h - ring of poison resistance

@: mighty, very slightly contaminated, wreathed by umbra, repel missiles, very
quick
A: unfitting armour, see invisible, herbivore 3, speed 3, slow metabolism 2
a: Shadow Step, Renounce Religion


You were on level 8 of the Dungeon.
You worshipped Dithmenos.
Dithmenos was greatly pleased with you.
You were hungry.

You visited 1 branch of the dungeon, and saw 9 of its levels.
You also visited: Bailey.

You collected 502 gold pieces.

Inventory:

Hand Weapons
 a - a +0 short sword (weapon)
Armour
 b - a +0 robe
 j - a +0 troll leather armour (worn)
 x - a +1 robe of cold resistance
 J - a cursed +0 robe
Jewellery
 h - a ring of poison resistance (left hand)
 o - a ring of fire (right hand)
 q - an uncursed amulet of faith
 B - an uncursed ring of fire
 C - an amulet of magic regeneration (around neck)
 L - an uncursed ring of resist corrosion {unknown}
 P - an uncursed ring of stealth {unknown}
Wands
 D - a wand of confusion (22/48)
 I - a wand of polymorph (12/24)
Scrolls
 f - a scroll of blinking {unknown}
 g - 8 scrolls of remove curse
 i - a scroll of enchant armour {unknown}
 m - a scroll of recharging {unknown}
 u - 2 scrolls of fog {unknown}
 v - 5 scrolls of teleportation {unknown}
 w - 2 scrolls of random uselessness {unknown}
 y - a scroll of noise {unknown}
 A - 2 scrolls of magic mapping
 G - 5 scrolls of identify
 Q - a scroll of holy word {unknown}
Potions
 d - 3 potions of heal wounds
 e - 8 potions of curing
 k - a potion of experience {unknown}
 l - 3 potions of haste
 n - a potion of flight
 p - a potion of lignification
 r - 4 potions of agility
 s - a potion of cancellation
 z - 2 potions of might
 E - a potion of beneficial mutation {unknown}
 M - 2 potions of resistance {unknown}
 O - 3 potions of mutation {unknown}
Books
 t - a book of Minor Magic

   Spells                             Type                      Level
   a - Magic Dart                     Conjuration                  1
   b - Blink                          Translocation                2
   c - Call Imp                       Summoning                    2
   d - Repel Missiles                 Charms/Air                   2
   e - Slow                           Hexes                        2
   f - Conjure Flame                  Conjuration/Fire             3
   g - Mephitic Cloud                 Conjuration/Poison/Air       3
 F - a book of Clouds

   Spells                             Type                      Level
   a - Mephitic Cloud                 Conjuration/Poison/Air       3
   b - Conjure Flame                  Conjuration/Fire             3
   c - Poisonous Cloud                Conjuration/Poison/Air       6
   d - Freezing Cloud                 Conjuration/Ice/Air          6
   e - Ring of Flames                 Charms/Fire                  7
 H - Sif Muna's Compendium of Cloudy Evil
   (You found it on level 8 of the Dungeon)

   Spells                             Type                      Level
   a - Corpse Rot                     Necromancy                   2
   b - Sublimation of Blood           Necromancy                   2
   c - Deflect Missiles               Charms/Air                   6
 K - a book of Cantrips

   Spells                             Type                      Level
   a - Confusing Touch                Hexes                        1
   b - Animate Skeleton               Necromancy                   1
   c - Summon Small Mammal            Summoning                    1
   d - Apportation                    Translocation                1
 N - a book of Flames

   Spells                             Type                      Level
   a - Flame Tongue                   Conjuration/Fire             1
   b - Throw Flame                    Conjuration/Fire             2
   c - Conjure Flame                  Conjuration/Fire             3
   d - Inner Flame                    Hexes/Fire                   3
   e - Sticky Flame                   Conjuration/Fire             4
   f - Fireball                       Conjuration/Fire             5
   Dithmenos disapproves of the use of such an item.
Comestibles
 c - 5 bread rations


   Skills:
 - Level 2.4 Fighting
 - Level 4.7 Short Blades
 - Level 10.2 Dodging
 + Level 11.7 Stealth
 * Level 10.8 Spellcasting
 * Level 0.4 Conjurations
 * Level 1.1 Translocations
 * Level 3.7 Air Magic
 * Level 4.0 Poison Magic


You had 23 spell levels left.
You knew the following spells:

 Your Spells              Type           Power        Failure   Level  Hunger
a - Blink                 Tloc           N/A          14%         2    None
b - Repel Missiles        Chrm/Air       ##....       12%         2    None
c - Mephitic Cloud        Conj/Pois/Air  ##......     17%         3    #......


Dungeon Overview and Level Annotations

Branches:
Dungeon (9/15)             Temple (0/1) D:5             Orc (0/2) D:9
   Lair: D:8-11

Altars:
Ashenzari
Dithmenos
Elyvilon
Gozag
Makhleb
Ru
Sif Muna
Yredelemnul
Zin
Beogh

Annotations:
D:3 kroki's ghost, amateur FoFi
D:4 Menkaure
D:5 Dowan; Duvessa; Edmund
D:7 Uhlv's ghost, novice MiBe
D:8 Gastronok


Innate Abilities, Weirdness & Mutations

You are very small and have problems with some larger weapons.
You are too small for most types of armour.
You have supernaturally acute eyesight. (SInv)
You are a herbivore.
You cover ground extremely quickly.
You need consume almost no food.


Message History

The floor.
Unknown command.
Okay, then.
It was a potion of might.
You feel very mighty all of a sudden.
You hit the ice beast.
The ice beast is lightly wounded.
The ice beast hits you. The ice beast freezes you!!
You feel a terrible chill!
You emit a cloud of dark smoke.
You hit the ice beast.
The ice beast is lightly wounded.
Your shadow hits the ice beast but does no damage.
The ice beast completely misses you.
You completely miss the ice beast.
The ice beast is lightly wounded.
Your shadow hits the ice beast with a short sword.
The ice beast hits you.
* * * LOW HITPOINT WARNING * * *
The ice beast freezes you!!
You feel a terrible chill!
You die...

#..........# #
#..........# #
#..........# #
#..........# #
#.....w....# #
#####..........###
#§§...............
#§###..w.......##§
#@# #..........##§
#Y# #..........Z§§
#§# #####'########
#.# #.#.Y.Y..§ #.#
#.#.###### #.#
#.#.# # #.# #.#.#
# #.#######.#.# #
#.....Y.....# #


You could see an ice beast.

Vanquished Creatures
  Erolcha (D:9)
  Joseph (D:9)
  A centaur skeleton (D:9)
  A hippogriff (D:9)
  A hornet (D:7)
  Prince Ribbit (D:5)
  A hungry ghost (D:9)
  3 orc warriors
  2 ice beasts (D:7)
  A phantom (D:8)
  2 sky beasts
  4 ogres
  3 centaurs
  5 bullfrogs
  Blork the orc (D:5)
  4 scorpions
  3 howler monkeys
  A bullfrog zombie (D:7)
  2 crimson imps (D:5)
  A quasit (D:9)
  3 hounds
  2 jellies
  4 orc priests
  An iguana (D:8)
  3 orc wizards
  5 worker ants
  A hound zombie (D:7)
  A hound skeleton (D:9)
  A worker ant zombie (D:5)
  4 gnolls
  6 adders
  2 shadow imps
  3 adder skeletons
  3 worms
  3 dart slugs
  5 leopard geckos
  20 orcs
  A ball python (D:5)
  4 giant cockroaches
  8 goblins
  13 hobgoblins
  6 jackals
  A quokka (D:7)
  16 bats
  9 frilled lizards
  14 kobolds
  7 rats
185 creatures vanquished.

Notes
Turn   | Place    | Note
-------+----------+-------------------------------------------
     0 | D:1      | lorenzova the Spriggan Monk began the quest for the Orb.
     0 | D:1      | Reached XP level 1. HP: 11/11 MP: 2/2
   257 | D:1      | Reached XP level 2. HP: 16/16 MP: 3/3
   755 | D:2      | Reached skill level 4 in Stealth
   786 | D:2      | Found a white marble altar of Elyvilon.
  1159 | D:2      | Reached XP level 3. HP: 19/19 MP: 4/4
  1251 | D:2      | Reached skill level 5 in Dodging
  1762 | D:2      | Found a shadowy altar of Dithmenos.
  1771 | D:2      | Found a glowing silver altar of Zin.
  1784 | D:2      | Became a worshipper of Dithmenos the Shadowed
  1784 | D:2      | Reached * piety under Dithmenos
  1784 | D:2      | Reached ** piety under Dithmenos
  1825 | D:3      | Reached XP level 4. HP: 23/23 MP: 5/5
  1925 | D:3      | Reached skill level 5 in Stealth
  1939 | D:3      | Noticed kroki's ghost (amateur FoFi)
  2317 | D:3      | Found a deep blue altar of Sif Muna.
  2626 | D:4      | Reached XP level 5. HP: 27/27 MP: 6/6
  2766 | D:4      | Reached skill level 6 in Stealth
  3338 | D:4      | Noticed Menkaure
  3338 | D:4      | Noticed a centaur
  3488 | D:5      | Entered Level 5 of the Dungeon
  3495 | D:5      | Reached skill level 1 in Spellcasting
  3504 | D:5      | Learned a level 2 spell: Blink
  3507 | D:5      | Learned a level 2 spell: Repel Missiles
  3508 | D:5      | Noticed an ice beast
  3558 | D:5      | Reached XP level 6. HP: 32/32 MP: 7/9
  3608 | D:5      | Found a staircase to the Ecumenical Temple.
  3832 | D:5      | Noticed Edmund
  3885 | D:5      | Reached *** piety under Dithmenos
  3892 | D:5      | Learned a level 3 spell: Mephitic Cloud
  4011 | D:5      | Noticed Prince Ribbit
  4020 | D:5      | Killed Prince Ribbit
  4020 | D:5      | Reached skill level 7 in Stealth
  4020 | D:5      | Reached XP level 7. HP: 35/35 MP: 10/13
  4107 | D:5      | Noticed Blork the orc
  4114 | D:5      | Killed Blork the orc
  4193 | D:5      | Noticed Duvessa
  4194 | D:5      | Noticed Dowan
  4393 | D:6      | Reached skill level 8 in Stealth
  4393 | D:6      | Reached skill level 5 in Spellcasting
  4943 | D:6      | Reached XP level 8. HP: 39/39 MP: 17/17
  5482 | D:7      | Found a flagged portal.
  5482 | D:7      | Noticed a hornet
  5488 | D:7      | Killed a hornet
  5488 | D:7      | Reached skill level 9 in Stealth
  5510 | Bailey   | Entered a bailey
  5515 | Bailey   | Noticed an orc warlord
  5819 | Bailey   | Found a runed gate.
  5820 | Bailey   | Found a runed gate.
  5822 | Bailey   | Found a runed gate.
  6062 | D:7      | Reached skill level 10 in Stealth
  6072 | D:7      | Reached **** piety under Dithmenos
  6273 | D:7      | Noticed Uhlv's ghost (novice MiBe)
  6322 | D:7      | Reached XP level 9. HP: 43/43 MP: 22/22
  6385 | D:7      | Noticed a gargoyle
  6754 | D:8      | Identified Sif Muna's Compendium of Cloudy Evil
  6805 | D:8      | Found a burning altar of Makhleb.
  6867 | D:8      | Noticed Gastronok
  7099 | D:8      | Found a sacrificial altar of Ru.
  7135 | D:8      | Reached skill level 10 in Dodging
  7315 | D:8      | Found a shattered altar of Ashenzari.
  7316 | D:8      | Found an opulent altar of Gozag.
  7532 | D:9      | Reached skill level 11 in Stealth
  7532 | D:9      | Reached skill level 10 in Spellcasting
  7532 | D:9      | Reached skill level 1 in Air Magic
  7532 | D:9      | Reached skill level 1 in Poison Magic
  7603 | D:9      | Found a staircase to the Orcish Mines.
  7615 | D:9      | Found a roughly hewn altar of Beogh.
  7969 | D:9      | Noticed Joseph
  8135 | D:9      | Noticed Erolcha
  8146 | D:9      | Killed Erolcha
  8146 | D:9      | Reached XP level 10. HP: 40/47 MP: 18/25
  8186 | D:9      | Killed Joseph
  8199 | D:9      | Found a basalt altar of Yredelemnul.
  8453 | D:9      | Reached skill level 1 in Translocations
  8939 | D:8      | Slain by an ice beast

Skill      XL: |  1  2  3  4  5  6  7  8  9 10 |
---------------+-------------------------------+-----
Stealth        | 4 5 6 7 8 10 11 | 11.7
Dodging        | 5 6 7 8 9 10 | 10.2
Short Blades   | 4 |  4.7
Spellcasting   | 1 3 5 8 10 | 10.8
Air Magic      | 3 |  3.7
Poison Magic   | 3 4 |  4.0
Translocations | 1 |  1.1
Fighting       | |  2.4
Conjurations   | |  0.4

Action                   |  1- 3 |  4- 6 |  7- 9 | 10-12 || total
-------------------------+-------+-------+-------+-------++-------
Melee: Short sword       |   161 |   233 |   578 |    95 ||  1067
 Cast: Blink             |       |       |     1 |     1 ||     2
       Repel Missiles    |       |       |     1 |       ||     1
       Mephitic Cloud    |       |       |       |     9 ||     9
  Use: Scroll            |       |     5 |     5 |       ||    10
       Potion            |       |       |     1 |     1 ||     2
 Stab: Distracted        |     2 |     1 |     1 |     1 ||     5
       Sleeping          |     9 |    15 |    45 |       ||    69
       Invisible         |       |       |     4 |       ||     4
       Confused          |       |       |       |     9 ||     9
  Eat: Bread ration      |       |       |     1 |       ||     1
Armor: Troll leather arm |    17 |    17 |    25 |     4 ||    63
Dodge: Dodged            |   158 |   204 |   638 |    73 ||  1073
       Deflected         |       |       |     1 |       ||     1
